 Dungeon Crawl Stone Soup version 0.26.0-10-g1f06aea511 (webtiles) character file.

Game seed: 4941826434240933289

39 Borgoz the Slasher (level 3, 0/30 HPs)
             Began as a Ghoul Gladiator on Jan 30, 2021.
             Slain by a worm (3 damage)
             ... on level 2 of the Dungeon.
             The game lasted 00:00:54 (937 turns).

Borgoz the Slasher (Ghoul Gladiator)                 Turns: 937, Time: 00:00:55

Health: 0/30       AC:  5    Str: 17    XL:     3   Next: 47%
Magic:  2/2        EV: 12    Int:  3    God:
Gold:   73         SH:  0    Dex: 11    Spells: 2/2 levels left

rFire    . . .     SeeInvis .   a - +0 long sword
rCold    + . .     Faith    .   (no shield)
rNeg     + + +     Spirit   .   b - +0 leather armour
rPois    ∞         Reflect  .   c - +0 helmet
rElec    .         Harm     .   (no cloak)
rCorr    +         Rampage  .   h - +0 pair of gloves (curse)
Will     .....                  (no boots)
Stlth    +.........             (no amulet)
HPRegen  0.00/turn              g - ring of resist corrosion
MPRegen  0.08/turn              (no ring)

@: no status effects
A: claws 1, cold resistance 1, negative energy resistance 3, inhibited
regeneration, torment resistance, unbreathing
a: no special abilities


You were on level 2 of the Dungeon.
You visited 1 branch of the dungeon, and saw 2 of its levels.

You collected 73 gold pieces.

Inventory:

Hand Weapons
 a - a +0 long sword (weapon)
Missiles
 d - 5 throwing nets (quivered)
Armour
 b - a +0 leather armour (worn)
 c - a +0 helmet (worn)
 h - a cursed +0 pair of gloves (worn)
Jewellery
 g - a ring of resist corrosion (left hand)
 n - an uncursed amulet of guardian spirit {unknown}
Scrolls
 f - a scroll of blinking {unknown}
 i - 2 scrolls of random uselessness {unknown}
 k - 4 scrolls of teleportation {unknown}
 l - a scroll of remove curse {unknown}
 m - a scroll of identify {unknown}
 o - 3 scrolls of noise {unknown}
Potions
 j - 2 potions of brilliance {unknown}
 p - 3 potions of degeneration {unknown}


   Skills:
 + Level 2.6 Fighting
 * Level 3.1 Long Blades
 - Level 1.7 Throwing
 * Level 1.3 Armour
 + Level 3.0 Dodging


You had 2 spell levels left.
You didn't know any spells.
Your spell library was empty.

Dungeon Overview and Level Annotations

Branches:
Dungeon (2/15)

Altars:
Wu Jian


Innate Abilities, Weirdness & Mutations

You thrive by killing the living.
You are immune to poison.
You have sharp fingernails.
Your flesh is cold resistant. (rC+)
You are immune to negative energy. (rN+++)
You do not regenerate when monsters are visible.
You are immune to unholy pain and torment.
You can survive without breathing.


Message History

The worm bites you.
The jackal barks!
You hit the worm.
The worm is moderately wounded.
You hear a bark!
You barely miss the worm.
The worm is moderately wounded.
The worm bites you.
You hit the worm.
The worm is moderately wounded.
The worm bites you!
* * * LOW HITPOINT WARNING * * *
You hit the worm.
The worm is moderately wounded.
A jackal comes into view.
The jackal bites you but does no damage.
A jackal comes into view.
It was a potion of lignification.
You feel woody for a moment. The jackal closely misses you. The worm bites you.
You die...

#.#.......#
#.######.##
..# #..# .#
#####.#####
#.........#
#..<......#
#.........#
#.........#
#....w@...#
#....h†...#
#...[.....#
#.........#
#.........#
h.h........#
.###########


You could see a worm and 3 jackals.

Vanquished Creatures
  An adder (D:2)
  A dart slug (D:1)
  2 leopard geckos
  A ball python (D:2)
  3 giant cockroaches (D:1)
  6 goblins
  6 hobgoblins
  A bat (D:1)
  2 frilled lizards (D:1)
23 creatures vanquished.

Notes
Turn   | Place    | Note
-------+----------+-------------------------------------------
     0 | D:1      | Borgoz the Ghoul Gladiator began the quest for the Orb.
     0 | D:1      | Reached XP level 1. HP: 17/17 MP: 0/0
    82 | D:1      | Reached XP level 2. HP: 24/24 MP: 1/1
   414 | D:1      | Reached skill level 1 in Armour
   782 | D:2      | Reached XP level 3. HP: 29/30 MP: 2/2
   898 | D:2      | Found an ornate altar of the Wu Jian Council.
   937 | D:2      | Slain by a worm

Illustrated notes

Levels and vault maps discovered:
D:1:      minmay_arrival_solitary_statue, layout_loops_cross
D:2:      layout_rooms, old_standard_altar, old_standard_altar,
          nzn_wu_jian_council_hall, minmay_goblin_kobold_house

Skill      XL: |  1  2  3 |
---------------+----------+-----
Long Blades    | 3 |  3.1
Armour         | 1 |  1.3
Dodging        | 3 |  3.0
Fighting       | |  2.6
Throwing       | |  1.7

Action                   || total
-------------------------++-------
Melee: Long sword        ||    79
  Use: Potion            ||     1
Armor: Leather armour    ||    32
Dodge: Dodged            ||    61
       Rpst.: Long sword ||    21
